 Dungeon Crawl Stone Soup version 0.26-a0-652-gafc20e3620 (webtiles) character file.

Game seed: 3909807565633023218

1430 jasper the Insei (level 8, -1/73 HPs)
             Began as a Gnoll Transmuter on Oct 1, 2020.
             Slain by a killer bee (7 damage)
             ... on level 7 of the Dungeon.
             The game lasted 00:16:43 (9341 turns).

jasper the Insei (Gnoll Transmuter)                 Turns: 9341, Time: 00:16:43

Health: -1/73      AC:  6    Str: 13    XL:     8   Next: 73%
Magic:  11/17      EV: 28    Int: 18    God:
Gold:   433        SH:  0    Dex: 15    Spells: 4/19 levels left

rFire    x . .     SeeInvis .     - Unarmed
rCold    + + +     Faith    .   (shield currently unavailable)
rNeg     . . .     Spirit   .   (armour currently unavailable)
rPois    +         Reflect  .   (helmet currently unavailable)
rElec    .         Harm     .   (cloak currently unavailable)
rCorr    .         Rampage  .   (gloves currently unavailable)
MR       .....                  (boots currently unavailable)
Stlth    ++........             I - amulet of the acrobat
HPRegen  0.22/turn              (no ring)
MPRegen  0.15/turn              (no ring)

@: ice-form, acrobat
A: large, distributed training, strong nose
a: End Transformation


You were on level 7 of the Dungeon.
You were a creature of crystalline ice.
You visited 2 branches of the dungeon, and saw 8 of its levels.
You also visited: Sewer and Ossuary.

You collected 433 gold pieces.

Inventory:

Hand Weapons
 m - a +0 hunting sling
 o - a +0 quarterstaff
 z - a +0 dagger of venom
Missiles
 c - 198 stones
 H - 9 boomerangs (quivered)
Armour
 a - a +0 robe
 d - a +3 leather armour (melded)
 f - a +0 pair of boots (melded)
 h - a +0 leather armour
 j - a +0 cloak (melded)
 D - the +5 chain mail "Deqel" {Regen+, unknown}
   (You found it on level 5 of the Dungeon)

   It increases your rate of regeneration.
 K - a +0 pair of gloves (melded)
Jewellery
 I - an amulet of the acrobat (around neck)
 M - a +4 ring of protection
Wands
 q - a wand of polymorph (9)
 C - a wand of digging (7)
 G - a wand of paralysis (12)
 L - a wand of iceblast (6)
Scrolls
 g - 4 scrolls of remove curse
 i - 3 scrolls of amnesia
 l - a scroll of enchant armour
 p - 2 scrolls of teleportation {unknown}
 s - a scroll of magic mapping {unknown}
 x - 4 scrolls of fear {unknown}
 y - 2 scrolls of fog {unknown}
 E - 4 scrolls of enchant weapon {unknown}
 F - 2 scrolls of immolation {unknown}
 J - a scroll of noise {unknown}
Potions
 b - a potion of ambrosia
 e - 2 potions of curing
 k - a potion of might
 n - 2 potions of magic
 r - a potion of stabbing {unknown}
 t - a potion of haste {unknown}
 u - 2 potions of degeneration {unknown}
 v - 2 potions of heal wounds {unknown}
 w - a potion of lignification {unknown}
 A - 2 potions of flight {unknown}
 B - 3 potions of berserk rage {unknown}


   Skills:
 + Level 4.4 Fighting
 + Level 3.5 Short Blades
 + Level 3.5 Long Blades
 + Level 3.5 Axes
 + Level 3.5 Maces & Flails
 + Level 3.5 Polearms
 + Level 3.5 Staves
 + Level 3.5 Slings
 + Level 3.5 Bows
 + Level 3.5 Crossbows
 + Level 3.5 Throwing
 + Level 3.5 Armour
 + Level 5.8 Dodging
 + Level 3.5 Stealth
 + Level 3.5 Shields
 + Level 7.5 Unarmed Combat
 + Level 6.2 Spellcasting
 + Level 2.9 Conjurations
 + Level 2.9 Hexes
 + Level 2.9 Summonings
 + Level 2.9 Necromancy
 + Level 2.9 Translocations
 + Level 4.8 Transmutations
 + Level 2.9 Fire Magic
 + Level 2.9 Ice Magic
 + Level 2.9 Air Magic
 + Level 2.9 Earth Magic
 + Level 2.9 Poison Magic
 + Level 3.9 Invocations
 + Level 3.5 Evocations


You had 4 spell levels left.
You knew the following spells:

 Your Spells              Type           Power        Failure   Level
a - Beastly Appendage     Tmut           ###...       1%          1
b - Wereblood             Tmut           ###.....     2%          2
c - Spider Form           Tmut/Pois      ###.......   7%          3
d - Ice Form              Ice/Tmut       ###.....     24%         4
e - Blade Hands           Tmut           ###.......   41%         5

Your spell library contained the following spells:

 Spells                   Type           Power        Failure   Level


Dungeon Overview and Level Annotations

Branches:
Dungeon (7/15)             Temple (1/1) D:4           Sewer (visited)
Ossuary (visited)

Altars:
Cheibriados
Dithmenos
Fedhas
Gozag
Hepliaklqana
Kikubaaqudgha
Makhleb
Nemelex Xobeh
Qazlal
Ru
Trog
Uskayaw
Vehumet
Xom
Yredelemnul
Zin

Annotations:
D:5 2 transporters, dracfodder's ghost, novice SpBr


Innate Abilities, Weirdness & Mutations

Your experience applies equally to all skills.
((You have very sharp teeth.))
Your uncanny sense of smell can sniff out nearby items.


Message History

The killer bee completely misses you. The killer bee closely misses you.
The killer bee completely misses you. x2
The killer bee completely misses you. The killer bee closely misses you.
The killer bee stings you but does no damage.
The killer bee stings you.
* * * LOW HITPOINT WARNING * * *
An orc wizard appears from thin air!
Reactivating autopickup.
The killer bee completely misses you. The killer bee stings you!
* * * LOW HITPOINT WARNING * * *
You see here 22 sling bullets.
The bullfrog misses you. The killer bee completely misses you.
The killer bee completely misses you. The killer bee completely misses you.
The killer bee stings you!
* * * LOW HITPOINT WARNING * * *
Your magical contamination has completely faded away.
The killer bee closely misses you.
The killer bee misses you. x2; The bullfrog completely misses you.
The killer bee stings you!
You die...

##........([## ..#
#.........oc# ##..##
###########.## ##..... #{.#
##<..... #.o### #.......
##....#### ###.......
#........######.........
#..#...yy....#...##.<....
#........FY.#..)#####.....#
#...#........##.## #######
..##............# .#
#............#
#.............#
#.............#
#............#
#.......#..## #.....##..#


You could see an orc warrior, a bullfrog, 2 killer bees and an orc wizard.

Vanquished Creatures
  An ice beast (D:3)
  A big kobold (D:5)
  A scorpion (D:6)
  A killer bee (D:7)
  2 howler monkeys
  A centaur zombie (D:6)
  2 hounds
  3 orc wizards
  A centaur skeleton (D:4)
  5 orc priests
  Jessica (D:3)
  Ijyb (D:5)
  Terence (D:3)
  Natasha (twice) (D:3)
  An iguana (D:5)
  3 worker ants
  3 big kobold zombies (Ossuary)
  2 hound skeletons (D:4)
  A hound zombie (D:6)
  3 mummies
  Robin (D:4)
  13 adders
  4 gnolls (D:3)
  A shadow imp (D:5)
  An ufetubus (D:6)
  An adder zombie (D:5)
  An adder skeleton (D:5)
  4 worms
  A dart slug (D:4)
  6 leopard geckos
  34 orcs
  4 giant cockroaches
  6 gnoll zombies
  16 goblins
  9 hobgoblins
  7 jackals (Sewer)
  20 kobolds
  5 quokkas
  4 ball pythons
  5 bats
  15 frilled lizards
  3 goblin zombies (Ossuary)
  A hobgoblin zombie (Ossuary)
  2 leopard gecko skeletons
  3 orc zombies (Ossuary)
  9 rats
212 creatures vanquished.

Vanquished Creatures (others)
  16 plants (Sewer)
16 creatures vanquished.

Grand Total: 228 creatures vanquished

Notes
Turn   | Place    | Note
-------+----------+-------------------------------------------
     0 | D:1      | jasper the Gnoll Transmuter began the quest for the Orb.
     0 | D:1      | Reached XP level 1. HP: 17/17 MP: 6/6
   144 | D:1      | Reached XP level 2. HP: 17/23 MP: 7/7
   251 | D:1      | Learned a level 2 spell: Wereblood
   939 | D:1      | Reached XP level 3. HP: 28/28 MP: 9/9
  1016 | D:2      | Reached skill level 5 in Spellcasting
  1358 | D:2      | Reached skill level 1 in Invocations
  1682 | D:3      | Reached skill level 1 in Short Blades
  1682 | D:3      | Reached skill level 1 in Long Blades
  1682 | D:3      | Reached skill level 1 in Axes
  1682 | D:3      | Reached skill level 1 in Maces & Flails
  1682 | D:3      | Reached skill level 1 in Polearms
  1682 | D:3      | Reached skill level 1 in Staves
  1682 | D:3      | Reached skill level 1 in Slings
  1682 | D:3      | Reached skill level 1 in Bows
  1682 | D:3      | Reached skill level 1 in Crossbows
  1682 | D:3      | Reached skill level 1 in Throwing
  1682 | D:3      | Reached skill level 1 in Armour
  1682 | D:3      | Reached skill level 1 in Stealth
  1682 | D:3      | Reached skill level 1 in Shields
  1682 | D:3      | Reached skill level 1 in Evocations
  1682 | D:3      | Reached XP level 4. HP: 34/34 MP: 9/11
  1705 | D:3      | Found a shadowy altar of Dithmenos.
  1717 | D:3      | Noticed an ice beast
  1799 | D:2      | Found a blossoming altar of Fedhas.
  2406 | D:4      | Reached skill level 1 in Conjurations
  2406 | D:4      | Reached skill level 1 in Hexes
  2406 | D:4      | Reached skill level 1 in Summonings
  2406 | D:4      | Reached skill level 1 in Necromancy
  2406 | D:4      | Reached skill level 1 in Translocations
  2406 | D:4      | Reached skill level 1 in Fire Magic
  2406 | D:4      | Reached skill level 1 in Ice Magic
  2406 | D:4      | Reached skill level 1 in Air Magic
  2406 | D:4      | Reached skill level 1 in Earth Magic
  2406 | D:4      | Reached skill level 1 in Poison Magic
  2550 | D:4      | Reached XP level 5. HP: 39/40 MP: 10/12
  2680 | D:4      | Found a snail-covered altar of Cheibriados.
  2758 | D:4      | Found a glowing drain.
  2768 | Sewer    | Entered a sewer
  3024 | Sewer    | Learned a level 3 spell: Spider Form
  3029 | Sewer    | Learned a level 4 spell: Ice Form
  3860 | D:4      | Found a staircase to the Ecumenical Temple.
  3890 | D:4      | Reached XP level 6. HP: 47/47 MP: 11/13
  3928 | Temple   | Entered the Ecumenical Temple
  4185 | D:4      | Noticed Robin
  4188 | D:4      | Killed Robin
  4191 | D:4      | Reached skill level 5 in Dodging
  4236 | D:4      | Noticed an angel
  4237 | D:4      | Found a glowing silver altar of Zin.
  4474 | D:5      | Entered Level 5 of the Dungeon
  4477 | D:5      | Found a transporter.
  4478 | D:5      | Noticed Ijyb
  4482 | D:5      | Found a hide-covered altar of Uskayaw.
  4491 | D:5      | Killed Ijyb
  4511 | D:5      | Noticed dracfodder's ghost (novice SpBr)
  4511 | D:5      | Found a transporter.
  4512 | D:5      | Noticed a black bear
  4520 | D:5      | Got a spiked chain mail
  4709 | D:5      | Reached XP level 7. HP: 52/52 MP: 12/15
  5055 | D:5      | Reached skill level 7 in Unarmed Combat
  6725 | D:6      | Found a sand-covered staircase.
  6741 | Ossuary  | Entered an ossuary
  7419 | D:6      | Reached XP level 8. HP: 49/60 MP: 16/16
  7527 | D:6      | Learned a level 5 spell: Blade Hands
  7809 | D:6      | Found a basalt altar of Yredelemnul.
  7960 | D:3      | Noticed Terence
  7975 | D:3      | Killed Terence
  8558 | D:3      | Noticed Natasha
  8567 | D:3      | Killed Natasha
  8601 | D:3      | Noticed Jessica
  8623 | D:3      | Killed Jessica
  8671 | D:3      | Noticed Natasha
  8684 | D:3      | Killed Natasha
  8819 | D:3      | Found a bloodstained altar of Trog.
  9341 | D:7      | Slain by a killer bee

Illustrated notes

Levels and vault maps discovered:
D:1:      zelgadis_glass_arrival_small, layout_loops_ring
D:2:      wander_river, layout_rooms, marbit_many_paths, st_stairs_6
D:3:      cheibrodos_pilgrimage, layout_basic,
          grunt_dithmenos_smoke_and_mirrors, lightli_temple_of_fire,
          uniq_natasha, uniq_jessica, uniq_terence
D:4:      layout_loops_cross, zin_angel, kennysheep_slug_shrine,
          minmay_temple_entry_wispy, portal_sewer_entry_d, uniq_robin
D:5:      layout_basic, kennysheep_mini, gammafunk_ghost_arena, uniq_ijyb
D:6:      layout_loops_corners, lemuel_zombie_altar_yredelemnul,
          gup_ossuary_entry_pyramid
D:7:      layout_cave_pods, ashenzari_conservatory_becter, minivault_25,
          chequers_serial_rivers_small_3
Temple:   jpeg_temple_island

Skill      XL: |  1  2  3  4  5  6  7  8 |
---------------+-------------------------+-----
Spellcasting   | 5 6 |  6.2
Invocations    | 1 2 3 |  3.9
Short Blades   | 1 2 3 |  3.5
Long Blades    | 1 2 3 |  3.5
Axes           | 1 2 3 |  3.5
Maces & Flails | 1 2 3 |  3.5
Polearms       | 1 2 3 |  3.5
Staves         | 1 2 3 |  3.5
Slings         | 1 2 3 |  3.5
Bows           | 1 2 3 |  3.5
Crossbows      | 1 2 3 |  3.5
Throwing       | 1 2 3 |  3.5
Armour         | 1 2 3 |  3.5
Stealth        | 1 2 3 |  3.5
Shields        | 1 2 3 |  3.5
Evocations     | 1 2 3 |  3.5
Conjurations   | 1 2 |  2.9
Hexes          | 1 2 |  2.9
Summonings     | 1 2 |  2.9
Necromancy     | 1 2 |  2.9
Translocations | 1 2 |  2.9
Fire Magic     | 1 2 |  2.9
Ice Magic      | 1 2 |  2.9
Air Magic      | 1 2 |  2.9
Earth Magic    | 1 2 |  2.9
Poison Magic   | 1 2 |  2.9
Fighting       | 3 4 |  4.4
Transmutations | 4 |  4.8
Dodging        | 5 |  5.8
Unarmed Combat | 7 |  7.5

Action                   |  1- 3 |  4- 6 |  7- 9 || total
-------------------------+-------+-------+-------++-------
Melee: Unarmed           |   106 |   182 |   299 ||   587
       Kick              |     6 |    12 |       ||    18
       Headbutt          |     4 |     8 |       ||    12
       Bite              |     5 |    13 |    16 ||    34
       Punch             |     4 |     3 |    10 ||    17
Throw: Stone             |    18 |    33 |     5 ||    56
       Boomerang         |       |       |    45 ||    45
 Cast: Beastly Appendage |     5 |    13 |       ||    18
       Ice Form          |       |     1 |     3 ||     4
       Spider Form       |       |     2 |    12 ||    14
  Use: Scroll            |       |     2 |     5 ||     7
       Potion            |       |       |     3 ||     3
 Stab: Sleeping          |     1 |     3 |     2 ||     6
       Distracted        |     1 |       |       ||     1
Armor: Robe              |     2 |       |       ||     2
       Leather armour    |     8 |    35 |    32 ||    75
       Skin              |       |     2 |    12 ||    14
Dodge: Dodged            |    58 |   109 |   312 ||   479

Table legend: (Time is in decaauts)
 A = Elapsed time spent in this place.
 B = Non-inter-level travel time spent in this place.
 C = Inter-level travel time spent in this place.
 D = Time resting spent in this place.
 E = Time spent auto-exploring this place.
 F = Levels seen in this place.
 G = Mean time per level.
                   A        B        C        D        E       F      G
               +--------+--------+--------+--------+--------+-----+--------+
         Total |   9450 |   9153 |    297 |   2339 |   4970 |  10 |  945.0 |
       Dungeon |   7685 |   7400 |    285 |   1779 |   4132 |   7 | 1097.9 |
        Temple |     66 |     54 |     12 |      0 |     44 |   1 |   66.0 |
         Sewer |   1091 |   1091 |      0 |    160 |    705 |   1 | 1091.0 |
       Ossuary |    606 |    606 |      0 |    400 |     89 |   1 |  606.0 |
               +--------+--------+--------+--------+--------+-----+--------+

Top non-repeatable levels by time:
     D:5: 1686 daAuts
     D:2: 1506 daAuts
     D:6: 1171 daAuts
   Sewer: 1091 daAuts
     D:4: 1073 daAuts
     D:1: 1004 daAuts
     D:3: 926 daAuts
 Ossuary: 606 daAuts
     D:7: 315 daAuts
  Temple: 66 daAuts
